 Dungeon Crawl Stone Soup version 0.29-a0-575-g0dc89cf053 (webtiles) character file.

Game seed: 9271584884444437912

5672 frimble the Cleaver (level 11, -12/93 HPs)
             Began as a Meteoran Fighter on June 12, 2022.
             Was an Initiate of Ashenzari.
             Mangled by Grum
             ... wielding a +0 glaive
              (33 damage)
             ... on level 9 of the Dungeon on June 13, 2022.
             The game lasted 00:16:26 (4955 turns).

frimble the Cleaver (Meteoran Fighter)              Turns: 4955, Time: 00:16:27

Health: -12/93     AC: 15    Str: 19    XL:     11   Next: 24%
Magic:  12/12      EV: 13    Int: 14    God:    Ashenzari [......]
Gold:   296        SH: 11    Dex: 13    Spells: 10/10 levels left

rFire   . . .      SeeInvis .   s - +4 hand axe
rCold   . . .      Faith    .   c - +0 buckler
rNeg    . . .      Spirit   .   x - +0 steam dragon scales
rPois   .          Reflect  +   e - +2 helmet
rElec   .          Harm     .   f - +2 cloak of Ashenzari's Ordeal {Self, Evo} (curse)
rCorr   .          Rampage  .   (no gloves)
Will    ++...                   v - +2 pair of boots
Stlth   +.........              i - amulet of reflection
HPRegen 0.25/turn               u - ring of willpower
MPRegen 0.13/turn               (no ring)

@: glowing
A: sense surroundings 2, otherworldly, glowing, explore regen
a: Renounce Religion, Shatter the Chains


You were on level 9 of the Dungeon.
You worshipped Ashenzari.
Ashenzari was noncommittal.
You visited 2 branches of the dungeon, and saw 11 of its levels.
You also visited: Ossuary.

You collected 356 gold pieces.
You spent 60 gold pieces at shops.

Inventory:

Hand Weapons
 a - a +1 war axe
 s - a +4 hand axe (weapon)
Armour
 c - a +0 buckler (worn)
 e - a +2 helmet (worn)
 f - the cursed +2 cloak of Ashenzari's Ordeal (worn) {Self, Evo}
   (You found it on level 2 of the Dungeon)

   It has a curse which improves the following skills: Introspection: Fighting
   and Spellcasting.
   Evocations: Evocations.
 v - a +2 pair of boots (worn)
 x - +0 steam dragon scales (worn)
 y - a +2 kite shield
Jewellery
 i - an amulet of reflection (around neck)
 u - a ring of willpower (left hand)
Scrolls
 j - 3 scrolls of enchant weapon
 k - 5 scrolls of immolation
 n - 2 scrolls of identify
 o - a scroll of magic mapping
 q - a scroll of amnesia
 t - 2 scrolls of poison
 w - a scroll of teleportation
Potions
 b - a potion of magic {unknown}
 d - a potion of might
 h - 3 potions of mutation
 l - 5 potions of attraction
 m - 2 potions of haste
 p - a potion of brilliance {unknown}
 r - 4 potions of curing
 z - 2 potions of flight {unknown}


   Skills:
 + Level 7.2(7.7) Fighting
 + Level 11.4 Axes
 - Level 3.6 Armour
 - Level 5.0 Dodging
 - Level 9.4 Shields
 + Level 4.9 Conjurations
 + Level 5.0 Fire Magic
 + Level 4.7(5.1) Evocations


You had 10 spell levels left.
You didn't know any spells.
Your spell library contained the following spells:

 Spells                   Type           Power      Damage    Failure   Level
 Conjure Flame            Conj/Fire      13%        6-21      14%         3
 Summon Small Mammal      Summ           0%         N/A       34%         1
 Sticky Flame             Conj/Fire      13%        2d4       43%         4
 Ignite Poison            Fire/Tmut/Pois 4%         N/A       47%         3
 Call Canine Familiar     Summ           0%         N/A       71%         3
 Gell's Gravitas          Tloc           0%         N/A       71%         3
 Summon Guardian Golem    Hex/Summ       0%         N/A       71%         3
 Teleport Other           Tloc           0%         N/A       71%         3
 Dispersal                Tloc           0%         N/A       100%        6


Dungeon Overview and Level Annotations

Branches:
Dungeon (10/15)            Temple (1/1) D:5         Ossuary (visited)
   Lair: D:8-11         Orc: D:9-12

Altars:
Ashenzari
Cheibriados
Dithmenos
Elyvilon
Fedhas
Gozag
Kikubaaqudgha
Makhleb
Nemelex Xobeh
Okawaru
Qazlal
Ru
Sif Muna
Trog
Uskayaw
Vehumet
Wu Jian
Xom
Yredelemnul
Zin
The Shining One

Shops:
D:3 [   D:4 [=!(:

Annotations:
D:3 Grinder
D:6 2 transporters, vulpzor's ghost, novice GnWn
D:9 Grum
D:10 Josephine


Innate Abilities, Weirdness & Mutations

You passively map the area around you.
You are easily found by Zot.
You glow in the dark.
You regain HP and MP as you explore.


Message History

The wolf is lightly wounded.
You hit the wyvern. The wolf bites you but does no damage.
You block the wyvern's attack. The wolf bites you but does no damage.
You miss the wolf.
The wolf is lightly wounded.
You barely miss the wyvern. The wyvern bites you. The wolf misses you.
You closely miss the wolf.
The wolf is lightly wounded.
You hit the wyvern but do no damage. You block the wyvern's attack.
You block the wolf's attack. The wyvern bites you!
You miss the wolf.
The wolf is lightly wounded.
You hit the wyvern but do no damage. The wolf closely misses you.
You block the wyvern's attack.
Grum drinks a potion.
Grum seems to grow stronger.
You block the wolf's attack.
You hit the wolf.
The wolf is moderately wounded.
You hit the wyvern but do no damage. The wyvern misses you.
The wolf closely misses you.
You hit the wolf but do no damage.
The wolf is moderately wounded.
You barely miss the wyvern. You block Grum's attack.
You block the wyvern's attack. You block the wolf's attack.
You slash the wolf!
The wolf is severely wounded.
You hit the wyvern. The wolf bites you. You block the wyvern's attack.
Grum hits you from afar with a +0 glaive!!!
* * * LOW HITPOINT WARNING * * *
The wolf closely misses you. The wyvern bites you.
* * * LOW HITPOINT WARNING * * *
Okay, then.
Okay, then.
The wyvern attacks as you move away! The wyvern closely misses you.
You block the wolf's attack.
As you read the scroll of summoning, it crumbles to dust.
Wisps of shadow whirl around you... The wolf barely misses you.
A wolf comes into view.
You block the wolf's attack.
Grum hits you from afar with a +0 glaive!!
You die...

,
.........#........#,
, **
#######..#⌠......⌠#,*
* #.)#)._.._..#,
#.))).)....⌠+
##)##########
#z###$$$$## *
#######.##......# * ,
,,......zD.##....##
.,
.......z.@#8..8#....
*
######z.lzhgl.h.....
* ##########.##.. * *
, * * ** * * , , * *
,, ,, , * , ,, , * *
*** * * , * ** * ,


You could see Grum (strong), a wyvern, 2 wolves, a friendly steam dragon
(summoned), a friendly wyvern (summoned) and 5 friendly wights.

Vanquished Creatures
  A two-headed ogre (D:7)
  Pikel (D:4)
  Psyche (D:8)
  A yak (D:7)
  3 hogs (D:7)
  A human (D:7)
  2 steam dragons
  Menkaure (D:7)
  3 water moccasins
  4 orc warriors
  2 ice beasts
  4 sky beasts
  An ogre (D:7)
  A centaur (D:5)
  4 lemures
  3 bullfrogs
  2 necrophages
  A gnoll sergeant (D:7)
  2 scorpions (D:7)
  9 wights
  A killer bee (D:8)
  A howler monkey (D:5)
  2 hounds
  2 orc priests
  A human zombie (Ossuary)
  2 jellies
  A gnoll shaman (D:9)
  3 iguanas
  7 orc wizards
  4 mummies (Ossuary)
  Robin (D:2)
  4 adders
  12 gnolls
  A shadow imp (D:6)
  An ufetubus (D:4)
  2 worms
  16 orcs
  4 bats
  2 endoplasms (D:2)
  5 giant cockroaches
  19 goblins
  7 hobgoblins
  A kobold (D:1)
  5 quokkas
  4 ball pythons
  A frilled lizard (D:3)
  3 goblin zombies (Ossuary)
  3 hobgoblin zombies (Ossuary)
  A kobold zombie (Ossuary)
  3 rats
166 creatures vanquished.

Vanquished Creatures (collateral kills)
  2 killer bees (D:8)
2 creatures vanquished.

Vanquished Creatures (others)
  An orc warrior (D:8)
  3 killer bees (D:8)
  2 plants (D:1)
6 creatures vanquished.

Grand Total: 174 creatures vanquished

Notes
Turn   | Place    | Note
-------+----------+-------------------------------------------
     0 | D:1      | frimble the Meteoran Fighter began the quest for the Orb.
     0 | D:1      | Reached XP level 1. HP: 19/19 MP: 2/2
    79 | D:1      | Reached XP level 2. HP: 26/26 MP: 3/3
   140 | D:2      | Reached skill level 3 in Axes
   257 | D:1      | Found a faded altar of an unknown god.
   299 | D:3      | Noticed Grinder
   339 | D:2      | Reached XP level 3. HP: 26/31 MP: 4/4
   501 | D:2      | Noticed Robin
   519 | D:2      | Reached XP level 4. HP: 26/38 MP: 5/5
   527 | D:2      | Killed Robin
   528 | D:2      | Reached skill level 4 in Axes
   711 | D:3      | Paralysed by Grinder for 3 turns
   720 | D:2      | Reached skill level 5 in Shields
   954 | D:3      | Reached XP level 5. HP: 45/45 MP: 6/6
   970 | D:4      | Noticed Pikel
   970 | D:4      | Noticed a lemure
   970 | D:4      | Noticed a lemure
   971 | D:4      | Noticed a lemure
   985 | D:4      | Found a sand-covered staircase.
   994 | Ossuary  | Entered an ossuary
  1093 | Ossuary  | Reached XP level 6. HP: 40/51 MP: 7/7
  1102 | Ossuary  | Reached skill level 5 in Axes
  1246 | D:5      | Entered Level 5 of the Dungeon
  1312 | D:4      | Found Restinad's Weapon Shop.
  1318 | D:4      | Found a white marble altar of Elyvilon.
  1366 | D:3      | Found Moofacim's Armour Shop.
  1467 | D:6      | Found a transporter.
  1482 | D:4      | Found Wymp's Book Boutique.
  1550 | D:4      | Found Kexkohib's Distillery.
  1558 | D:4      | Bought a potion of curing for 30 gold pieces
  1558 | D:4      | Bought a potion of lignification for 30 gold pieces
  1584 | D:4      | Found Acsoamyu's Jewellery Shop.
  1661 | D:4      | Killed Pikel
  1662 | D:4      | Reached skill level 7 in Axes
  1662 | D:4      | Reached XP level 7. HP: 10/57 MP: 8/8
  1662 | D:4      | Reached XP level 8. HP: 11/63 MP: 9/9
  1712 | D:4      | You fall into a shaft and drop 2 floors!
  1788 | D:6      | Reached skill level 8 in Axes
  1826 | D:6      | Noticed vulpzor's ghost (novice GnWn)
  1827 | D:6      | Found a transporter.
  1827 | D:6      | Identified the +8 dire flail of Stopping Dismemberment
                  | {protect, Int+3}
  1895 | D:4      | Found Rillogy's Armour Shoppe.
  1951 | D:4      | Found an ancient bone altar of Kikubaaqudgha.
  2058 | D:4      | Found a hide-covered altar of Uskayaw.
  2278 | D:5      | Found a sparkling altar of Nemelex Xobeh.
  2421 | D:5      | Found a staircase to the Ecumenical Temple.
  2431 | Temple   | Entered the Ecumenical Temple
  2723 | D:6      | Noticed a steam dragon
  2745 | D:6      | Killed a steam dragon
  2746 | D:6      | Gained mutation: You passively map the area around you.
                  | [Meteoran growth]
  2746 | D:6      | Reached XP level 9. HP: 57/70 MP: 10/10
  2752 | D:6      | Reached skill level 9 in Axes
  2825 | D:6      | Reached skill level 1 in Dodging
  2928 | Temple   | Became a worshipper of Ashenzari the Shackled
  3410 | D:7      | Reached skill level 5 in Fighting
  3449 | D:7      | Noticed Menkaure
  3459 | D:7      | Killed Menkaure
  3460 | D:7      | Reached skill level 10 in Axes
  3519 | D:8      | Reached XP level 10. HP: 81/81 MP: 11/11
  3640 | D:8      | Reached skill level 1 in Conjurations
  3640 | D:8      | Reached skill level 1 in Fire Magic
  3659 | D:10     | Entered Level 10 of the Dungeon
  3659 | D:10     | Noticed Josephine
  3694 | D:7      | Noticed a two-headed ogre
  3903 | D:8      | Reached skill level 5 in Dodging
  3903 | D:8      | Reached skill level 1 in Evocations
  4065 | D:8      | Noticed Psyche
  4093 | D:8      | Killed Psyche
  4289 | D:7      | Killed a two-headed ogre
  4336 | D:7      | Reached skill level 11 in Axes
  4364 | D:7      | Found an iron altar of Okawaru.
  4581 | D:7      | Reached XP level 11. HP: 87/92 MP: 12/12
  4905 | D:9      | Found a basalt altar of Yredelemnul.
  4905 | D:9      | Found a shadowy altar of Dithmenos.
  4924 | D:9      | Reached skill level 5 in Fire Magic
  4942 | D:9      | Noticed Grum
  4955 | D:9      | Mangled by Grum

Illustrated notes

Levels and vault maps discovered:
D:1:      saegor_arrival_simple_b, layout_rooms, serial_forest,
          infiniplex_forest_straight_3, infiniplex_forest_clump_small,
          infiniplex_forest_clump_curved, infiniplex_forest_pool,
          shapermc_ecumenical_altar_totnotflames, lexackson_kobold_supper
D:2:      layout_basic, uniq_robin
D:3:      layout_basic, serial_shops, nicolae_shop_waterfront, uniq_grinder,
          uniq_sigmund
D:4:      layout_gridville, mainiacjoe_overflow_catwalk,
          mainiacjoe_overflow_surrounded_room, marbit_many_paths,
          nicolae_ossuary_entry_ruins, serial_shops, nicolae_shop_crystal,
          kennysheep_little_box, nicolae_shop_waterfront, shop,
          nicolae_lakefront_shop, uniq_pikel
D:5:      layout_cave_pools, nemelex_spade_bored_becter,
          minmay_temple_entry_poolview
D:6:      layout_cave_pods, gammafunk_ghost_smash, hangedman_decor_points,
          minivault_10, uniq_blork_the_orc
D:7:      layout_cave_pools, lemuel_tele_altar, glass_columns_b,
          grunt_livestock, chequers_mini_garden, uniq_crazy_yiuf_cottage,
          uniq_menkaure
D:8:      layout_loops_cross, uniq_psyche
D:9:      layout_long_grid, jmf_multi_god_temple,
          nicolae_hepliaklqana_hippocampus, minivault_16, st_stairs_5,
          minmay_door_square, uniq_grum
D:10:     layout_loops_ring, uniq_josephine, uniq_snorg
Temple:   minmay_temple_curvy_branch

Skill      XL: |  1  2  3  4  5  6  7  8  9 10 11 |
---------------+----------------------------------+-----
Shields        | 4 5 7 9 |  9.4
Axes           | 3 4 7 8 10 11 | 11.4
Dodging        | 4 5 |  5.0
Fighting       | 5 6 7 |  7.2
Conjurations   | 4 |  4.9
Fire Magic     | 4 5 |  5.0
Evocations     | 3 4 |  4.7
Armour         | |  3.6

Action                   |  1- 3 |  4- 6 |  7- 9 | 10-12 || total
-------------------------+-------+-------+-------+-------++-------
Melee: War axe           |    71 |   186 |   167 |   109 ||   533
       Hand axe          |       |       |       |   161 ||   161
Invok: Curse Item        |       |       |       |     1 ||     1
Evoke: Wand              |       |       |       |     6 ||     6
  Use: Scroll            |       |     9 |     2 |     6 ||    17
       Potion            |       |     2 |     3 |       ||     5
Armor: Scale mail        |    43 |   112 |    80 |       ||   235
       Skin              |       |     2 |    24 |       ||    26
       Steam dragon scal |       |       |     7 |    70 ||    77
Dodge: Dodged            |    22 |    54 |    53 |    88 ||   217
Block: Buckler           |    18 |    40 |    73 |   142 ||   273

Table legend: (Time is in decaauts)
 A = Elapsed time spent in this place.
 B = Non-inter-level travel time spent in this place.
 C = Inter-level travel time spent in this place.
 D = Time resting spent in this place.
 E = Time spent auto-exploring this place.
 F = Levels seen in this place.
 G = Mean time per level.
                   A        B        C        D        E       F      G
               +--------+--------+--------+--------+--------+-----+--------+
         Total |   5033 |   4395 |    638 |     95 |   2543 |  12 |  419.4 |
       Dungeon |   4476 |   3888 |    588 |     49 |   2227 |  10 |  447.6 |
        Temple |    297 |    247 |     50 |      0 |    245 |   1 |  297.0 |
       Ossuary |    259 |    259 |      0 |     46 |     71 |   1 |  259.0 |
               +--------+--------+--------+--------+--------+-----+--------+

Top non-repeatable levels by time:
     D:8: 744 daAuts
     D:6: 694 daAuts
     D:7: 631 daAuts
     D:2: 629 daAuts
     D:4: 607 daAuts
     D:5: 549 daAuts
  Temple: 297 daAuts
     D:1: 262 daAuts
 Ossuary: 259 daAuts
     D:3: 192 daAuts
     D:9: 163 daAuts
    D:10: 1 daAuts
